 Dungeon Crawl Stone Soup version 0.30.0-21-gd299b56b3f (webtiles) character file.

Game seed: 12728874795306898498

132 qw the Chopper (level 5, -2/32 HPs)
             Began as a Gargoyle Fighter on June 2, 2023.
             Killed by divine providence
             ... invoked by an orc priest
              (13 damage)
             ... on level 4 of the Dungeon.
             The game lasted 00:01:14 (2594 turns).

qw the Chopper (Gargoyle Fighter)                   Turns: 2594, Time: 00:01:14

Health: -2/32      AC: 18    Str: 21      XL:     5   Next: 15%
Magic:  5/5        EV:  5    Int:  7 (9)  God:
Gold:   76         SH:  4    Dex:  7 (9)  Spells: 4/4 levels left

rFire   . . .        Y - +1 war axe
rCold   . . .        c - +0 buckler
rNeg    + . .        m - +0 plate armour
rPois   inf          q - +1 helmet
rElec   +            e - +0 cloak
rCorr   .            (no gloves)
SInv    .            (no boots)
Will    .....        (no amulet) Stlth
                     (no ring)
HPRegen 0.25/turn    (no ring)
MPRegen 0.09/turn

%: no passive effects
@: no status effects
A: sickness immunity, AC +4, negative energy resistance 1, electricity
resistance, torment resistance 1, petrification resistance
a: no special abilities


You were on level 4 of the Dungeon.
You visited 1 branch of the dungeon, and saw 4 of its levels.

You collected 151 gold pieces.
You spent 75 gold pieces at shops.


Innate Abilities, Weirdness & Mutations

You are immune to sickness and miasma.
Your stone body is resilient. (AC +4)
You are immune to poison.
You resist negative energy. (rN+)
You are resistant to electric shocks. (rElec)
You are resistant to unholy torment.
You are immune to petrification.


   Skills:
 - Level 3.2 Fighting
 + Level 4.7 Axes
 - Level 3.2 Armour
 - Level 3.2 Shields


You had 4 spell levels left.
You didn't know any spells.
Your spell library was empty.

Inventory:

Hand Weapons
 h - a +0 whip
 Y - a +1 war axe (weapon)
Armour
 c - a +0 buckler (worn)
 e - a +0 cloak (worn)
 m - a +0 plate armour (worn)
 q - a +1 helmet (worn)
Scrolls
 a - 3 scrolls of poison {unknown}
 i - a scroll of identify
 n - a scroll of teleportation
Potions
 d - 2 potions of might
 f - a potion of heal wounds {unknown}
 g - a potion of flight {unknown}
 l - a potion of lignification {unknown}
 o - a potion of brilliance {unknown}

Dungeon Overview and Level Annotations

Branches:
Dungeon (4/15)
 Temple: D:4-7

Altars:
Makhleb
Yredelemnul

Shops:
D:2 ?


Message History

An orc comes into view. It is wielding a +0 flail.
2584 ||| Stepping ~*~*~tactically~*~*~ (stealth).
You throw a javelin. The orc shouts!
The javelin pierces through the orc but does no damage.
You hear a shout!
You hear an angry hiss.
You slash the iguana!
The iguana is severely wounded.
The iguana bites you!
You hit the iguana.
The iguana is almost dead.
The iguana bites you but does no damage.
The iguana bites you.
You slash the iguana!
You kill the iguana!
You feel your strength returning.
You have reached level 5!
The orc hits you but does no damage.
You see here an iguana corpse.
You closely miss the orc.
An orc comes into view. It is wielding a +0 short sword.
The orc hits you with a +0 flail.
An orc priest comes into view. It is wielding a +0 hand axe.
You block the orc's attack.
You barely miss the orc.
The orc shouts!
You hear an angry hiss.
The orc hits you but does no damage.
You closely miss the orc. The orc hits you with a +0 flail.
You closely miss the orc priest. You closely miss the orc.
The orc priest invokes the aid of Beogh against you.
Pain shoots through your body! The orc hits you but does no damage.
You slash the orc priest!
The orc priest is almost dead.
You slash the orc!
You kill the orc!
An iguana comes into view.
The orc priest calls down the wrath of Beogh upon you.
Beogh smites you!
You die...

....# #.#.#
####.#.# #.##.#.# #
#....#.##### .# #
#.#........#>#
#.#####.#.##.##...#
#.......#.#......##
####.........#@...#
##.####.#...)o.#.#
##...# #.#.##...# #
##..?.# #.......o#
###.....#
###.####o#
........# #.. .#
#.###....... ## .(
#.# #...#####...
.(l #'###.........#


You could see an iguana, 2 orc priests and an orc.

Vanquished Creatures
  An iguana (D:4)
  5 adders
  2 worms
  2 orcs
  5 endoplasms
  3 giant cockroaches
  8 goblins
  3 hobgoblins
  5 quokkas
  3 ball pythons
  3 bats
  4 frilled lizards
  8 kobolds
  3 rats
55 creatures vanquished.

Notes
Turn   | Place    | Note
-------+----------+-------------------------------------------
     0 | D:1      | qw the Gargoyle Fighter began the quest for the Orb.
     0 | D:1      | Reached XP level 1. HP: 14/14 MP: 1/1
     0 | D:1      | 0 ||| qw: Version: 0.2-a-102-gdf20003
     0 | D:1      | 0 ||| qw: Game counter: 813
     0 | D:1      | 0 ||| qw: Always use a shield: true
     0 | D:1      | 0 ||| qw: God list: Okawaru
     0 | D:1      | 0 ||| qw: Allow faded altars: false
     0 | D:1      | 0 ||| qw: Do Orc after D:15 true
     0 | D:1      | 0 ||| qw: Do second Lair branch before Depths: true
     0 | D:1      | 0 ||| qw: Lair rune preference: random
     0 | D:1      | 0 ||| qw: Plans: Normal, Zot:1-4, Slime:5, God:TSO, Crypt,
                  | Tomb, Pan, Hells, Abyss, Win
     0 | D:1      | 0 ||| PLANNING D:1-11
    11 | D:1      | Reached skill level 2 in Axes
   161 | D:1      | Reached XP level 2. HP: 19/19 MP: 2/2
   253 | D:1      | 253 ||| DROPPING +0 club.
   595 | D:1      | 595 ||| DROPPING orb of energy.
   596 | D:1      | 596 ||| READING scroll labelled PEUROS OKKAEFA.
   600 | D:1      | 600 ||| READING scroll labelled NUHIYX INLAHI.
   601 | D:1      | 601 ||| READING 3 scrolls labelled ROUZOO VUOMIR.
   602 | D:1      | 602 ||| DROPPING 2 scrolls of blinking.
   772 | D:2      | Reached skill level 3 in Axes
   772 | D:2      | Reached XP level 3. HP: 23/23 MP: 3/3
   852 | D:2      | 852 ||| Stepping ~*~*~tactically~*~*~ (hiding).
   853 | D:2      | 853 ||| Stepping ~*~*~tactically~*~*~ (hiding).
  1235 | D:2      | Found Gopill's Magic Scroll Shoppe.
  1242 | D:2      | 1242 ||| SHOPLISTING scroll of brand weapon (95 gold, have
                  | 87).
  1242 | D:2      | 1242 ||| BUYING scroll of enchant armour (75 gold).
  1242 | D:2      | Bought a scroll of enchant armour for 75 gold pieces
  1242 | D:2      | 1242 ||| SHOPLISTING scroll of enchant armour (75 gold,
                  | have 12).
  1242 | D:2      | 1242 ||| SHOPLISTING scroll of identify (20 gold, have 12).
  1465 | D:2      | 1465 ||| READING scroll labelled ZOUVUO FISOGA.
  1523 | D:3      | Reached XP level 4. HP: 21/28 MP: 4/4
  1655 | D:3      | Reached skill level 4 in Axes
  1713 | D:3      | 1713 ||| Stepping ~*~*~tactically~*~*~ (stealth).
  1714 | D:3      | 1714 ||| Stepping ~*~*~tactically~*~*~ (stealth).
  1715 | D:3      | 1715 ||| Stepping ~*~*~tactically~*~*~ (stealth).
  1716 | D:3      | 1716 ||| Stepping ~*~*~tactically~*~*~ (stealth).
  1969 | D:3      | 1969 ||| Stepping ~*~*~tactically~*~*~ (stealth).
  1970 | D:3      | 1970 ||| Stepping ~*~*~tactically~*~*~ (stealth).
  1986 | D:3      | 1986 ||| Stepping ~*~*~tactically~*~*~ (stealth).
  2024 | D:3      | 2024 ||| FLEEEEING.
  2031 | D:3      | 2031 ||| FLEEEEING.
  2032 | D:3      | 2032 ||| Stepping ~*~*~tactically~*~*~ (hiding).
  2035 | D:3      | 2035 ||| Stepping ~*~*~tactically~*~*~ (hiding).
  2177 | D:3      | Found a basalt altar of Yredelemnul.
  2370 | D:3      | 2370 ||| UPGRADING to +0 cloak.
  2375 | D:3      | 2375 ||| UPGRADING to +0 plate armour.
  2385 | D:3      | 2385 ||| DROPPING +0 scale mail.
  2386 | D:3      | 2386 ||| UPGRADING to +0 helmet.
  2391 | D:3      | 2391 ||| READING scroll of enchant armour.
  2391 | D:3      | 2391 ||| ENCHANTING +0 helmet.
  2392 | D:3      | 2392 ||| READING scroll labelled TEOFUA ATINT.
  2409 | D:3      | 2409 ||| READING scroll labelled GIAGAO TAAFUOR.
  2410 | D:3      | 2410 ||| DRINKING 2 fuming amethyst potions.
  2411 | D:3      | 2411 ||| DROPPING potion of degeneration.
  2443 | D:4      | 2443 ||| Stepping ~*~*~tactically~*~*~ (stealth).
  2444 | D:4      | 2444 ||| Stepping ~*~*~tactically~*~*~ (stealth).
  2445 | D:4      | 2445 ||| Stepping ~*~*~tactically~*~*~ (stealth).
  2532 | D:4      | Found a burning altar of Makhleb.
  2584 | D:4      | 2584 ||| Stepping ~*~*~tactically~*~*~ (stealth).
  2589 | D:4      | Reached XP level 5. HP: 21/32 MP: 5/5
  2594 | D:4      | Killed from afar by an orc priest

Levels and vault maps discovered:
D:1:      eino_arrival_water_star, layout_loops_ring
D:2:      kennysheep_big_flooded_room, layout_loops_ring, serial_shops, shop
D:3:      layout_loops_cross, mainiacjoe_overflow_24_doors,
          hangedman_decor_push, st_stairs_3, grunt_decor_mini_mirrors,
          minmay_three_crescents
D:4:      layout_loops_cross, lemuel_doored_altar,
          nicolae_qazlal_style_of_elements, serial_shops, shop, corner_web_ring,
          roderic_serpentine_path, grunt_ministairs_6

Skill      XL: |  1  2  3  4 |
---------------+-------------+-----
Axes           | 2 3 4 |  4.7
Fighting       | |  3.2
Armour         | |  3.2
Shields        | |  3.2

Action                     |  1- 3 |  4- 6 || total
---------------------------+-------+-------++-------
  Melee: War axe           |   101 |    75 ||   176
  Throw: Javelin           |       |     3 ||     3
    Use: Scroll            |     4 |     3 ||     7
         Potion            |       |     1 ||     1
 Armour: Scale mail        |    49 |    26 ||    75
         Plate armour      |       |     9 ||     9
  Dodge: Dodged            |    37 |    30 ||    67
  Block: Buckler           |    27 |    17 ||    44

Table legend:
 A = Non-vault XP
 B = Vault XP
 C = Vault XP percentage of total XP
 D = Non-vault monster count
 E = Vault monster count
 F = Vault count percentage of total count
                 A         B        C        D         E       F
            +---------+---------+-------+---------+---------+-------
      Total |     163 |      29 |  15.1 |      45 |      10 |  18.2
            +---------+---------+-------+---------+---------+-------
        D:1 |      22 |       0 |   0.0 |      15 |       0 |   0.0
        D:2 |      37 |       3 |   7.5 |      12 |       2 |  14.3
        D:3 |      49 |      26 |  34.7 |      13 |       8 |  38.1
        D:4 |      55 |       0 |   0.0 |       5 |       0 |   0.0
            +---------+---------+-------+---------+---------+-------
